 Seeded DCSS version 0.29-a0-1023-g6ae1a4a2c7 (webtiles) character file.

Game seed: 5070638151313211060 (custom seed)

478 bwicke the Cudgeller (level 6, 0/51 HPs)
             Began as a Palentonga Gladiator on Aug 11, 2022.
             Slain by Pikel
             ... wielding a +1 whip of freezing
              (3 damage)
             ... on level 5 of the Dungeon.
             The game lasted 00:08:49 (3810 turns).

bwicke the Cudgeller (Palentonga Gladiator)         Turns: 3810, Time: 00:08:50

Health: 0/51       AC:  8    Str: 19    XL:     6   Next: 86%
Magic:  6/6        EV: 10    Int: 11    God:
Gold:   156        SH:  0    Dex: 11    Spells: 5/5 levels left

rFire   . . .      SeeInvis +   p - +4 mace
rCold   + + +      Faith    .   (no shield)
rNeg    . . .      Spirit   .   b - +0 leather armour
rPois   +          Reflect  .   m - +2 helmet "Osikhywy" {Rampage Drain rC+++ rCorr}
rElec   .          Harm     .   (no cloak)
rCorr   +          Rampage  +   l - +0 pair of gloves
Will    .....                   (no barding)
Stlth   +.........              (no amulet)
HPRegen 0.17/turn               i - ring of poison resistance
MPRegen 0.10/turn               (no ring)

@: no status effects
A: large, rugged brown scales 3, see invisible, deformed body, roll 1, armoured
tail
a: Rolling Charge


You were on level 5 of the Dungeon.
You visited 1 branch of the dungeon, and saw 5 of its levels.

You collected 156 gold pieces.

Inventory:

Hand Weapons
 a - a +0 long sword
 o - a +0 trident
 p - a +4 mace (weapon)
 q - a +0 hand axe
 s - a +2 dagger of venom
 w - a +0 sling
Missiles
 d - 2 throwing nets
 e - 3 javelins
 h - 5 poisoned darts
 y - 9 stones
Armour
 b - a +0 leather armour (worn)
 c - a +1 helmet
 l - a +0 pair of gloves (worn)
 m - the +2 helmet "Osikhywy" (worn) {Rampage Drain rC+++ rCorr}
   (You found it on level 2 of the Dungeon)

   rC:        It renders you almost immune to cold.
   rCorr:     It protects you from acid and corrosion.
   Drain:     It drains your maximum health when unequipped.
   Rampage:   It bestows one free step when moving towards enemies.
Jewellery
 i - a ring of poison resistance (left hand)
Wands
 x - a wand of flame (18)
Scrolls
 j - a scroll of fear
 u - a scroll of summoning
 z - 2 scrolls of magic mapping
Potions
 f - 3 potions of lignification {unknown}
 g - a potion of curing {unknown}
 n - a potion of haste {unknown}
 r - a potion of berserk rage {unknown}
 t - a potion of brilliance {unknown}
 v - a potion of mutation {unknown}


   Skills:
 - Level 4.2 Fighting
 - Level 3.3 Long Blades
 + Level 5.3 Maces & Flails
 - Level 1.8 Throwing
 - Level 2.7 Dodging


You had 5 spell levels left.
You didn't know any spells.
Your spell library contained the following spells:

 Spells                   Type           Power      Damage    Failure   Level
 Freeze                   Ice            0%         1d3       38%         1
 Sting                    Tmut/Pois      0%         1d3       38%         1
 Summon Small Mammal      Summ           0%         N/A       38%         1
 Poisonous Vapours        Pois/Air       0%         N/A       54%         2
 Call Canine Familiar     Summ           0%         N/A       77%         3
 Frozen Ramparts          Ice            0%         1d1       77%         3
 Gell's Gravitas          Tloc           0%         N/A       77%         3
 Lesser Beckoning         Tloc           0%         N/A       77%         3
 Summon Guardian Golem    Hex/Summ       0%         N/A       77%         3
 Teleport Other           Tloc           0%         N/A       77%         3
 Hailstorm                Conj/Ice       0%         3d3       99%         4
 Olgreb's Toxic Radiance  Pois           0%         N/A       99%         4
 Passage of Golubria      Tloc           0%         N/A       99%         4
 Silence                  Hex/Air        0%         N/A       100%        5
 Lehudib's Crystal Spear  Conj/Erth      0%         10d2      100%        8


Dungeon Overview and Level Annotations

Branches:
Dungeon (5/15)
 Temple: D:4-7

Altars:
Elyvilon
Sif Muna
The Shining One

Annotations:
D:1 1 transporter
D:5 1 runed translucent door, Pikel


Innate Abilities, Weirdness & Mutations

You are completely covered in rugged brown scales. (AC +3, +7% HP)
You have supernaturally acute eyesight. (SInv)
Armour fits poorly on your strangely shaped body.
You can roll at nearby foes to attack.
You have a long armoured tail.


Message History

You barely miss Pikel.
Your tail-slap misses Pikel.
Pikel is moderately wounded.
The lemure barely misses you.
Pikel hits you with a +1 whip of freezing.
You barely miss Pikel.
Pikel is moderately wounded.
The lemure hits you but does no damage. Pikel barely misses you.
You completely miss Pikel. You tail-slap Pikel.
Pikel is heavily wounded.
The lemure barely misses you. Pikel hits you but does no damage.
Pikel waves his whip at you.
Pikel hits you with a +1 whip of freezing.
The lemure barely misses you.
You barely miss Pikel. You tail-slap Pikel, but do no damage.
Pikel is heavily wounded.
The lemure closely misses you.
Pikel hits you with a +1 whip of freezing!
You hit Pikel.
Pikel is heavily wounded.
The lemure barely misses you.
Pikel hits you with a +1 whip of freezing.
You barely miss Pikel.
Pikel is heavily wounded.
The lemure hits you.
* * * LOW HITPOINT WARNING * * *
Pikel hits you but does no damage.
You closely miss Pikel.
Pikel is heavily wounded.
The lemure hits you but does no damage. Pikel hits you but does no damage.
You sock Pikel!
Your tail-slap misses Pikel.
Pikel is severely wounded.
The lemure hits you.
* * * LOW HITPOINT WARNING * * *
Pikel closely misses you.
You hit Pikel.
Pikel is severely wounded.
The lemure hits you.
* * * LOW HITPOINT WARNING * * *
Pikel hits you with a +1 whip of freezing.
You die...

..........5........
.........#......5..
........###.##
.............#######
...................#
.....♣P..#.##.†....#
.........#..#.#555##
.###†..###...###K##
.##....###......@.##
.##.............5..#
............#.........#
.##............#......#
.
##.......#............
#.##...###...........
#.##.... #..........#
.. ##................
#.. #.....##...>....


You could see Pikel and 4 lemures.

Vanquished Creatures
  An ice beast (D:5)
  A scorpion (D:5)
  2 hounds (D:5)
  2 jellies (D:5)
  3 orc wizards
  2 iguanas (D:4)
  A gnoll (D:1)
  An adder (D:3)
  An ufetubus (D:5)
  A worm (D:2)
  2 dart slugs
  7 orcs
  3 bats
  8 endoplasms
  3 giant cockroaches
  A goblin (D:1)
  3 hobgoblins
  A quokka (D:1)
  4 ball pythons
  2 frilled lizards (D:3)
  4 kobolds
  4 rats
57 creatures vanquished.

Notes
Turn   | Place    | Note
-------+----------+-------------------------------------------
     0 | D:1      | bwicke the Palentonga Gladiator began the quest for the
                  | Orb.
     0 | D:1      | Reached XP level 1. HP: 17/17 MP: 1/1
   147 | D:1      | Reached XP level 2. HP: 16/23 MP: 2/2
   997 | D:2      | Reached XP level 3. HP: 16/29 MP: 3/3
  1334 | D:2      | Identified the +2 helmet "Osikhywy" {Rampage Drain rC+++
                  | rCorr}
  1783 | D:3      | Reached XP level 4. HP: 24/37 MP: 4/4
  2076 | D:3      | Found a glowing golden altar of the Shining One.
  2720 | D:4      | Reached skill level 1 in Maces & Flails
  2720 | D:4      | Reached XP level 5. HP: 44/44 MP: 5/5
  2723 | D:4      | Found a shimmering blue altar of Sif Muna.
  3227 | D:5      | Entered Level 5 of the Dungeon
  3227 | D:5      | Noticed an ice beast
  3236 | D:5      | Killed an ice beast
  3237 | D:5      | Reached skill level 3 in Maces & Flails
  3357 | D:5      | Reached XP level 6. HP: 40/51 MP: 6/6
  3488 | D:5      | Reached skill level 4 in Maces & Flails
  3498 | D:5      | HP: 2/51 [ufetubus (2)]
  3502 | D:5      | Found a runed translucent door.
  3653 | D:5      | Found a white marble altar of Elyvilon.
  3677 | D:5      | Reached skill level 5 in Maces & Flails
  3781 | D:5      | Noticed Pikel
  3810 | D:5      | Slain by Pikel

Illustrated notes

Levels and vault maps discovered:
D:1:      spicycebolla_arrival_risky_transporter, layout_basic,
          dreamdust_princess_corridor
D:2:      layout_basic, chequers_decorated_corner
D:3:      layout_basic, lemuel_round_altar
D:4:      layout_basic, mainiacjoe_overflow_concentric_impassable
D:5:      lemuel_insect_pit, layout_cave_pools, mainiacjoe_overflow_chevrons,
          gammafunk_ghost_grave, serial_park_tiny_1, wad_rectangle_vault,
          uniq_pikel

Skill      XL: |  1  2  3  4  5  6 |
---------------+-------------------+-----
Fighting       | 3 4 |  4.2
Maces & Flails | 1 3 5 |  5.3
Long Blades    | |  3.3
Throwing       | |  1.8
Dodging        | |  2.7

Action                   |  1- 3 |  4- 6 || total
-------------------------+-------+-------++-------
Melee: Long sword        |    47 |       ||    47
       Tailslap          |    10 |    17 ||    27
       Punch             |     1 |       ||     1
       Hand axe          |    25 |    16 ||    41
       Mace              |       |    86 ||    86
Throw: Throwing net      |     1 |       ||     1
 Abil: Rolling Charge    |    24 |    20 ||    44
  Use: Scroll            |     1 |     8 ||     9
       Potion            |     1 |     2 ||     3
Armor: Leather armour    |    17 |    71 ||    88
Dodge: Dodged            |    40 |    88 ||   128

Table legend: (Time is in decaauts)
 A = Elapsed time spent in this place.
 B = Non-inter-level travel time spent in this place.
 C = Inter-level travel time spent in this place.
 D = Time resting spent in this place.
 E = Time spent auto-exploring this place.
 F = Levels seen in this place.
 G = Mean time per level.
                   A        B        C        D        E       F      G
               +--------+--------+--------+--------+--------+-----+--------+
         Total |   3848 |   3781 |     67 |      0 |   3086 |   5 |  769.6 |
       Dungeon |   3848 |   3781 |     67 |      0 |   3086 |   5 |  769.6 |
               +--------+--------+--------+--------+--------+-----+--------+

Top non-repeatable levels by time:
     D:1: 937 daAuts
     D:3: 873 daAuts
     D:2: 757 daAuts
     D:4: 684 daAuts
     D:5: 595 daAuts
